 Dungeon Crawl Stone Soup version 0.31-a0-188-g5e087ee2ca (webtiles) character file.

Game seed: 16655394404460663386

154 qw the Skirmisher (level 5, -9/29 HPs)
             Began as a Deep Elf Hunter on June 23, 2023.
             Blown up by Ijyb (19 damage)
             ... with a mindburst bolt
             ... on level 3 of the Dungeon.
             The game lasted 00:00:38 (1616 turns).

qw the Skirmisher (Deep Elf Hunter)                 Turns: 1616, Time: 00:00:38

Health: -9/29      AC:  7    Str: 10    XL:     5   Next: 13%
Magic:  7/7        EV: 13    Int: 14    God:
Gold:   70         SH:  0    Dex: 24    Spells: 4/4 levels left

rFire   . . .        Y - +0 shortbow
rCold   . . .        (shield currently unavailable)
rNeg    . . .        c - +0 leather armour
rPois   .            (no helmet)
rElec   .            (no cloak)
rCorr   .            (no gloves)
SInv    .            (no boots)
Will    .....        (no amulet)
Stlth   ++           i - +4 ring of protection
HPRegen 0.24/turn    j - +6 ring of dexterity
MPRegen 0.10/turn

%: no passive effects
@: no status effects
A: no striking features
a: no special abilities


You were on level 3 of the Dungeon.
You visited 1 branch of the dungeon, and saw 3 of its levels.

You collected 112 gold pieces.
You spent 42 gold pieces at shops.


   Skills:
 - Level 1.5 Fighting
 + Level 8.3 Ranged Weapons
 - Level 3.1 Dodging
 - Level 1.2 Stealth


You had 4 spell levels left.
You didn't know any spells.
Your spell library was empty.

Inventory:

Hand Weapons
 Y - a +0 shortbow (weapon)
Armour
 c - a +0 leather armour (worn)
 d - a +0 scale mail
Jewellery
 e - a ring of fire
 i - a +4 ring of protection (left hand)
 j - a +6 ring of dexterity (right hand)
Potions
 a - a potion of heal wounds {unknown}
 b - 2 potions of curing
 f - 2 potions of might

Dungeon Overview and Level Annotations

Branches:
Dungeon (3/15)

Altars:

Shops:
D:2 !   D:3 (

Portals:
Abyss: D:3

Annotations:
D:3 Ijyb, Natasha


Message History

The orc priest hits you but does no damage.
You shoot an arrow. The arrow hits the orc priest.
The orc priest is severely wounded.
The orc priest misses you.
You shoot an arrow. The arrow hits the orc priest.
The orc priest is severely wounded.
The orc priest closely misses you.
You shoot an arrow. The arrow hits the orc priest!
You kill the orc priest!
Your Ranged Weapons skill increases to level 8!
You have reached level 5!
You start resting.
HP restored.
Things that are here:
a +0 flail; a +0 scale mail; an orc corpse Ijyb the Twisted Goblin comes into view.
She is wielding a +0 club and carrying a wand of mindburst (10).
Enter note:
Enter note: You shoot an arrow.
Ijyb shouts!
The arrow hits Ijyb but does no damage.
You hear an angry hiss.
You shoot an arrow. The arrow hits Ijyb!
Ijyb is moderately wounded.
You shoot an arrow. The arrow closely misses Ijyb.
Ijyb zaps a wand.
You struggle to resist.
You shoot an arrow. The arrow hits Ijyb.
Ijyb is heavily wounded.
You shoot an arrow. The arrow closely misses Ijyb.
Ijyb barely misses you.
Natasha, Servant of Life and Death comes into view.
You shoot an arrow. The arrow hits Ijyb.
Ijyb is severely wounded.
Ijyb zaps a wand.
Your mind is blasted!
Ouch! That really hurt!
You shoot an arrow. The arrow hits Ijyb but does no damage.
Ijyb is severely wounded.
Ijyb zaps a wand.
Your mind is blasted!
Ouch! That really hurt!
You die...

........)...=.....>#.#.#
#......?##)............#
#......<###..#.##..#.###
#.......# #..#.##....#
#.......#............#
#.......####.#.###.#.#
############.#.#.....#
...h..g...#.#
..##~~~@#.#.# #~\~...#.#
#.~~.#.### #....#.#
####.#.# #.#.# ..# #.#


You could see Ijyb and Natasha.

Vanquished Creatures
  2 orc priests (D:3)
  An orc wizard (D:3)
  2 adders
  3 worms (D:2)
  2 dart slugs
  5 orcs (D:3)
  3 endoplasms
  A giant cockroach (D:1)
  A goblin (D:2)
  2 hobgoblins
  4 jackals
  2 kobolds
  2 quokkas
  A ball python (D:1)
  4 bats
  A frilled lizard (D:1)
36 creatures vanquished.

Notes
Turn   | Place    | Note
-------+----------+-------------------------------------------
     0 | D:1      | qw the Deep Elf Hunter began the quest for the Orb.
     0 | D:1      | Reached XP level 1. HP: 12/12 MP: 3/3
     0 | D:1      | 0 ||| qw: Version: 0.3-a-9-g12657ce
     0 | D:1      | 0 ||| qw: Game counter: 3143
     0 | D:1      | 0 ||| qw: Always use a shield: true
     0 | D:1      | 0 ||| qw: God list: Okawaru
     0 | D:1      | 0 ||| qw: Allow faded altars: false
     0 | D:1      | 0 ||| qw: Do Orc after D:15 true
     0 | D:1      | 0 ||| qw: Do second Lair branch before Depths: true
     0 | D:1      | 0 ||| qw: Lair rune preference: random
     0 | D:1      | 0 ||| qw: Plans: Normal
     0 | D:1      | 0 ||| PLANNING D:1-11
    55 | D:1      | 55 ||| FLEEEEING.
    56 | D:1      | 56 ||| FLEEEEING.
   141 | D:1      | Reached XP level 2. HP: 16/16 MP: 4/4
   194 | D:1      | Reached skill level 6 in Ranged Weapons
   581 | D:1      | 581 ||| DROPPING ring of wizardry.
   582 | D:1      | 582 ||| UPGRADING to +4 ring of protection.
   583 | D:1      | 583 ||| UPGRADING to +6 ring of dexterity.
   584 | D:1      | 584 ||| READING scroll labelled SUPROE GUTU.
   685 | D:1      | 685 ||| READING scroll labelled USSUOH QUDGHU.
   688 | D:1      | 688 ||| READING scroll labelled SOEJ OTHROMUNUN.
   689 | D:1      | 689 ||| DRINKING 2 fuming emerald potions.
   690 | D:1      | 690 ||| DROPPING scroll of butterflies.
   810 | D:2      | Found Huweyno's Distillery.
   820 | D:2      | 820 ||| BUYING potion of curing (42 gold).
   820 | D:2      | Bought a potion of curing for 42 gold pieces
   820 | D:2      | 820 ||| SHOPLISTING potion of curing (42 gold, have 9).
   820 | D:2      | 820 ||| SHOPLISTING potion of enlightenment (70 gold, have
                  | 9).
   820 | D:2      | 820 ||| SHOPLISTING potion of heal wounds (70 gold, have
                  | 9).
   957 | D:2      | Reached XP level 3. HP: 20/20 MP: 5/5
  1152 | D:2      | Reached skill level 7 in Ranged Weapons
  1297 | D:2      | 1297 ||| READING scroll labelled TIMISKEIXE.
  1298 | D:2      | 1298 ||| READING scroll labelled DIR MOYLESEUT.
  1299 | D:2      | 1299 ||| READING scroll labelled ANWACK RECUM.
  1349 | D:3      | Found a one-way gate to the infinite horrors of the Abyss.
  1370 | D:3      | Reached skill level 3 in Dodging
  1425 | D:3      | 1425 ||| FLEEEEING.
  1426 | D:3      | 1426 ||| FLEEEEING.
  1427 | D:3      | 1427 ||| FLEEEEING.
  1428 | D:3      | 1428 ||| FLEEEEING.
  1430 | D:3      | 1430 ||| FLEEEEING.
  1434 | D:3      | Reached XP level 4. HP: 24/25 MP: 6/6
  1438 | D:3      | 1438 ||| FLEEEEING.
  1439 | D:3      | 1439 ||| FLEEEEING.
  1440 | D:3      | 1440 ||| FLEEEEING.
  1441 | D:3      | 1441 ||| FLEEEEING.
  1442 | D:3      | 1442 ||| FLEEEEING.
  1443 | D:3      | 1443 ||| FLEEEEING.
  1444 | D:3      | 1444 ||| FLEEEEING.
  1445 | D:3      | 1445 ||| FLEEEEING.
  1446 | D:3      | 1446 ||| FLEEEEING.
  1566 | D:3      | Reached skill level 8 in Ranged Weapons
  1566 | D:3      | Reached XP level 5. HP: 21/29 MP: 7/7
  1603 | D:3      | Found Maraimne's Weapon Shop.
  1609 | D:3      | Noticed Ijyb
  1614 | D:3      | Noticed Natasha
  1616 | D:3      | Blown up by Ijyb

Levels and vault maps discovered:
D:1:      lightli_arrival_maybe_door_vault, layout_loops_ring,
          amcnicky_mini_rare_corridor_liquid, minmay_tetromino_o4
D:2:      layout_loops_cross, serial_shops, nicolae_diamond_shop
D:3:      due_chaos_kobolds, layout_basic, hangedman_ru_absence, serial_shops,
          nicolae_shop_tiny_waterfront, shapermc_ecumenical_altar_totnotflames,
          uniq_ijyb, uniq_natasha

Skill      XL: |  1  2  3  4 |
---------------+-------------+-----
Ranged Weapons | 6 7 8 |  8.3
Dodging        | 3 |  3.1
Fighting       | |  1.5
Stealth        | |  1.2

Action                     |  1- 3 |  4- 6 || total
---------------------------+-------+-------++-------
   Fire: Shortbow          |    88 |    39 ||   127
    Use: Scroll            |     6 |       ||     6
         Potion            |     1 |       ||     1
 Armour: Leather armour    |     6 |     4 ||    10
  Dodge: Dodged            |    11 |     5 ||    16

Table legend:
 A = Non-vault XP
 B = Vault XP
 C = Vault XP percentage of total XP
 D = Non-vault monster count
 E = Vault monster count
 F = Vault count percentage of total count
                 A         B        C        D         E       F
            +---------+---------+-------+---------+---------+-------
      Total |     215 |       5 |   2.3 |      32 |       4 |  11.1
            +---------+---------+-------+---------+---------+-------
        D:1 |      20 |       5 |  20.0 |      10 |       4 |  28.6
        D:2 |      43 |       0 |   0.0 |      11 |       0 |   0.0
        D:3 |     152 |       0 |   0.0 |      11 |       0 |   0.0
            +---------+---------+-------+---------+---------+-------
